 Dungeon Crawl Stone Soup version 0.23.2-1-ga50397a (webtiles) character file.

Game seed: 15746470681648674522

35 esteth the Magician (level 3, -7/25 HPs)
             Began as a Gnoll Wizard on Apr 20, 2019.
             Mangled by a gnoll
             ... wielding a +0 spear
              (8 damage)
             ... on level 2 of the Dungeon.
             The game lasted 00:03:33 (1310 turns).

esteth the Magician (Gnoll Wizard)                  Turns: 1310, Time: 00:03:33

Health: -7/25      AC:  5    Str:  6 (9)  XL:     3   Next: 33%
Magic:  11/11      EV:  7    Int: 18 (21) God:
Gold:   38         SH:  0    Dex: 10 (13) Spells: 5/16 levels left

rFire    . . .     SeeInvis .   f - +2 dagger (venom)
rCold    . . .     Gourm    .   (no shield)
rNeg     . . .     Faith    .   a - +0 robe
rPois    .         Spirit   .   b - +0 hat
rElec    .         Reflect  .   (no cloak)
rCorr    .         Harm     .   (no gloves)
MR       .....                  k - +2 pair of boots
Stlth    ++........             (no amulet)
HPRegen  0.08/turn              (no ring)
MPRegen  0.12/turn              (no ring)

@: held, invisible
A: distributed training, fangs 1, strong nose
a: no special abilities


You were on level 2 of the Dungeon.
You were very hungry.

You visited 1 branch of the dungeon, and saw 2 of its levels.

You collected 38 gold pieces.

Inventory:

Hand Weapons
 c - a +3 dagger
 f - a +2 dagger of venom (weapon)
Armour
 a - a +0 robe (worn)
 b - a +0 hat (worn)
 k - a +2 pair of boots (worn)
Scrolls
 e - 2 scrolls of amnesia {unknown}
 g - 2 scrolls of teleportation {unknown}
 h - a scroll of identify {unknown}
 i - a scroll of random uselessness {unknown}
 m - 2 scrolls of remove curse {unknown}
Potions
 j - a potion of degeneration
Comestibles
 d - 4 rations


   Skills:
 + Level 0.7 Fighting
 + Level 0.7 Short Blades
 + Level 0.7 Long Blades
 + Level 0.7 Axes
 + Level 0.7 Maces & Flails
 + Level 0.7 Polearms
 + Level 0.7 Staves
 + Level 0.7 Slings
 + Level 0.7 Bows
 + Level 0.7 Crossbows
 + Level 0.7 Throwing
 + Level 0.7 Armour
 + Level 4.5 Dodging
 + Level 4.1 Stealth
 + Level 0.7 Shields
 + Level 0.7 Unarmed Combat
 + Level 7.1 Spellcasting
 + Level 2.1 Conjurations
 + Level 0.5 Hexes
 + Level 0.5 Charms
 + Level 2.1 Summonings
 + Level 0.5 Necromancy
 + Level 2.1 Translocations
 + Level 0.5 Transmutations
 + Level 0.5 Fire Magic
 + Level 0.5 Ice Magic
 + Level 0.5 Air Magic
 + Level 0.5 Earth Magic
 + Level 0.5 Poison Magic
 + Level 0.9 Invocations
 + Level 0.7 Evocations


You had 5 spell levels left.
You knew the following spells:

 Your Spells              Type           Power        Failure   Level  Hunger
a - Magic Dart            Conj           ##..         4%          1    None
b - Blink                 Tloc           N/A          7%          2    None
c - Call Imp              Summ           ##......     7%          2    None
d - Conjure Flame         Conj/Fire      ##......     19%         3    ##.....
e - Mephitic Cloud        Conj/Pois/Air  ##......     21%         3    ##.....

Your spell library contained the following spells:

 Spells                   Type           Power        Failure   Level  Hunger
 Slow                     Hex            #.......     13%         2    None


Dungeon Overview and Level Annotations

Branches:
Dungeon (2/15)

Altars:


Innate Abilities, Weirdness & Mutations

Your experience applies equally to all skills.
You have very sharp teeth.
Your uncanny sense of smell can sniff out nearby items.


Message History

Okay, then.
The gnoll shouts!
You hit the gnoll.
The gnoll is poisoned.
The gnoll is moderately wounded.
The gnoll hits you with a +0 whip.
The gnoll throws a throwing net.
The throwing net hits you.
You become entangled in the net!
You struggle against the net.
The gnoll hits you with a +0 whip!
You struggle against the net.
The gnoll hits you with a +0 whip.
* * * LOW HITPOINT WARNING * * *
It was a potion of degeneration.
There was something very wrong with that liquid.
You feel weakened.
You feel dopey.
You feel clumsy. The gnoll hits you with a +0 whip.
* * * LOW HITPOINT WARNING * * *
It was a potion of magic.
Magic courses through your body. The gnoll hits you but does no damage.
It was a potion of invisibility.
You fade into invisibility!
The gnoll hits you from afar with a +0 spear!
You die...

#.# #.# .# #.# #.. ##+# #.#
#.# ##...# #.# #.# #.....#
####.#### #.## .......##
##.#.....# #..#
........####g....##.######...
........')g)@................
........####....#.#.######...
.......## ##.#.....# ####..#
#.....# #####.### #....##
#....# #.# #.#..# ..#+# ##.##
#...## ## ##...## ##.## #.
##.....## #.# ####.####
#.......###.##


You could see 2 gnolls.

Vanquished Creatures
  An adder (D:2)
  A gnoll (D:2)
  A giant cockroach (D:1)
  2 goblins (D:1)
  4 hobgoblins
  3 kobolds (D:1)
  2 bats (D:1)
  A rat (D:1)
15 creatures vanquished.

Notes
Turn   | Place    | Note
-------+----------+-------------------------------------------
     0 | D:1      | esteth the Gnoll Wizard began the quest for the Orb.
     0 | D:1      | Reached XP level 1. HP: 13/13 MP: 8/8
   322 | D:1      | Reached XP level 2. HP: 19/19 MP: 10/10
   327 | D:1      | Learned a level 2 spell: Blink
  1157 | D:2      | Reached XP level 3. HP: 25/25 MP: 6/11
  1198 | D:2      | Learned a level 2 spell: Call Imp
  1202 | D:2      | Learned a level 3 spell: Conjure Flame
  1206 | D:2      | Learned a level 3 spell: Mephitic Cloud
  1308 | D:2      | HP: 1/25 [gnoll/+0 whip (5)]
  1310 | D:2      | Mangled by a gnoll

Skill      XL: |  1 |
---------------+----+-----
Conjurations   | 2 |  2.1
Summonings     | 2 |  2.1
Translocations | 2 |  2.1
Fighting       | |  0.7
Short Blades   | |  0.7
Long Blades    | |  0.7
Axes           | |  0.7
Maces & Flails | |  0.7
Polearms       | |  0.7
Staves         | |  0.7
Slings         | |  0.7
Bows           | |  0.7
Crossbows      | |  0.7
Throwing       | |  0.7
Armour         | |  0.7
Dodging        | |  4.5
Stealth        | |  4.1
Shields        | |  0.7
Unarmed Combat | |  0.7
Spellcasting   | |  7.1
Hexes          | |  0.5
Charms         | |  0.5
Necromancy     | |  0.5
Transmutations | |  0.5
Fire Magic     | |  0.5
Ice Magic      | |  0.5
Air Magic      | |  0.5
Earth Magic    | |  0.5
Poison Magic   | |  0.5
Invocations    | |  0.9
Evocations     | |  0.7

Action                   || total
-------------------------++-------
Melee: Dagger            ||    27
       Bite              ||     2
 Cast: Magic Dart        ||    14
       Mephitic Cloud    ||     2
  Use: Potion            ||     3
 Stab: Sleeping          ||     1
Armor: Robe              ||     6
Dodge: Dodged            ||    23
